AoeStats
← lyonnais--86

Arena

510523632Analyzed
4v4 RM · 1d ago on Oct 1, 2026· 52m 39s· 8 players
Game mode
Random Map
Map size
Large (8 player)
Population
200
Speed
Normal
Resources
Standard
Victory
Conquest
Starting age
Dark Age
Ending age
Imperial Age
RankedLock teamsTeams togetherTeam positionsShared explorationLock speedFull tech treeHidden civsTurbo modeCheats
Victory
Defeat
🇧🇷 Varangians · Brazil
1122
+11
🇭🇰 Magyars · Hong Kong SAR China
1111
+11
🇨🇳 Bohemians · China
900
+20
🇨🇳 Goths · China
811
+23
🇬🇷 Magyars · Greece
1031
-18
🇨🇳 Saxons · China
994
-16
🇫🇷 Persians · France
990
-16
🇫🇷 Sicilians · France
968
-15
tony.li
11:18 Feudal Age
12:34 Double-Bit Axe
13:01 Loom
15:45 Castle Age
13:40 Horse Collar
15:34 Loom
17:39 Bow Saw
17:53 Gold Mining
17:54 Stone Mining
24:35 Wheelbarrow
26:26 Hand Cart
26:34 Heavy Plow
30:08 Imperial Age
28:53 Forging
29:05 Masonry
28:42 Town Watch
31:43 Stone Shaft Mining
32:09 Arson
32:09 Gambesons
33:01 Ballistics
33:43 Squires
34:21 Iron Casting
33:52 Scale Barding Armor
33:48 Scale Mail Armor
34:36 Conscription
34:55 Elite Varangian Guard
40:19 Husbandry
40:29 Bloodlines
39:40 Cavalier
39:45 Vendel Legacy
41:27 Gothikon
43:22 Chain Barding Armor
44:03 Blast Furnace
43:43 Elite Jarl
43:47 Gothikon
45:17 Plate Barding Armor
goodluckming
11:13 Feudal Age
11:55 Double-Bit Axe
15:13 Castle Age
13:39 Horse Collar
22:28 Bow Saw
24:44 Wheelbarrow
24:06 Gold Mining
24:41 Loom
25:17 Heavy Plow
29:52 Imperial Age
27:37 Fletching
27:48 Padded Archer Armor
28:51 Hand Cart
28:23 Treadmill Crane
29:35 Gold Shaft Mining
28:50 Stone Mining
30:26 Thumb Ring
30:38 Bloodlines
30:28 Husbandry
30:25 Bodkin Arrow
30:45 Leather Archer Armor
30:56 Conscription
32:10 Two-Man Saw
32:02 Crop Rotation
31:48 Elite Magyar Huszar
32:31 Corvinian Army
33:10 Hoardings
33:35 Bracer
34:05 Ring Archer Armor
33:22 Heavy Cavalry Archer
34:31 Ballistics
35:11 Chemistry
34:54 Parthian Tactics
36:02 Masonry
35:59 Siege Engineers
37:07 Coinage
36:38 Caravan
36:46 Scale Barding Armor
36:44 Recurve Bow
36:32 Elite Magyar Huszar
39:45 Banking
40:00 Chain Barding Armor
39:50 Sappers
40:29 Murder Holes
45:57 Plate Barding Armor
52:38 Town Watch
无语
10:24 Feudal Age
11:50 Double-Bit Axe
14:11 Castle Age
12:20 Horse Collar
15:54 Bow Saw
16:14 Heavy Plow
23:07 Wheelbarrow
25:55 Hand Cart
25:31 Loom
25:31 Town Watch
28:19 Imperial Age
27:17 Scale Mail Armor
27:27 Forging
27:17 Scale Mail Armor
28:49 Chemistry
28:09 Ballistics
28:31 Chain Mail Armor
27:54 Pikeman
28:35 Squires
30:08 Two-Man Saw
29:47 Iron Casting
29:04 Fletching
28:53 Halberdier
29:48 Houfnice
31:14 Town Patrol
31:25 Padded Archer Armor
31:56 Plate Mail Armor
32:27 Blast Furnace
32:00 Plate Mail Armor
32:32 Blast Furnace
31:28 Bodkin Arrow
31:34 Padded Archer Armor
33:37 Siege Engineers
36:11 Bracer
36:26 Leather Archer Armor
39:53 Arson
40:24 Heavy Scorpion
47:50 Conscription
47:38 Wagenburg Tactics
51:50 Caravan
52:21 Coinage
53:32 Banking
觅桃豚
10:44 Feudal Age
12:06 Double-Bit Axe
12:15 Horse Collar
15:40 Castle Age
17:21 Bow Saw
17:35 Heavy Plow
23:03 Wheelbarrow
26:37 Heavy Plow
26:28 Gold Mining
26:29 Stone Mining
27:58 Loom
28:11 Town Watch
31:32 Imperial Age
29:18 Hand Cart
29:06 Anarchy
30:15 Stone Shaft Mining
30:19 Forging
30:10 Scale Mail Armor
30:33 Treadmill Crane
31:36 Iron Casting
32:39 Conscription
32:36 Chain Mail Armor
32:06 Elite Huskarl
33:07 Squires
32:27 Pikeman
35:33 Blast Furnace
34:39 Fletching
34:31 Halberdier
38:59 Ballistics
38:51 Masonry
41:30 Two-Man Saw
41:02 Perfusion
45:54 Bodkin Arrow
47:02 Chemistry
45:58 Murder Holes
46:33 Architecture
46:57 Crop Rotation
46:42 Bracer
50:28 Town Patrol
50:44 Padded Archer Armor
50:49 Scale Barding Armor
50:47 Caravan
50:58 Guilds
51:18 Coinage
53:14 Banking
lyonnais--86
11:39 Feudal Age
12:08 Double-Bit Axe
12:50 Loom
15:41 Castle Age
14:13 Horse Collar
16:41 Bow Saw
26:13 Wheelbarrow
26:11 Town Watch
26:40 Gold Mining
29:27 Imperial Age
29:22 Gold Shaft Mining
28:42 Stone Mining
29:02 Scale Barding Armor
29:07 Forging
28:58 Scale Mail Armor
28:48 Fletching
28:59 Padded Archer Armor
29:04 Squires
28:26 Pikeman
29:56 Hand Cart
29:52 Husbandry
30:18 Chain Barding Armor
30:05 Heavy Plow
32:14 Two-Man Saw
31:41 Bloodlines
32:36 Iron Casting
32:48 Stone Shaft Mining
33:11 Chain Mail Armor
32:36 Cavalier
34:01 Plate Barding Armor
34:06 Ballistics
34:47 Chemistry
33:58 Masonry
35:39 Blast Furnace
34:10 Light Cavalry
35:23 Thumb Ring
34:39 Crossbowman
37:54 Conscription
36:56 Elite War Elephant
razors-38i
10:48 Feudal Age
14:45 Castle Age
13:23 Double-Bit Axe
13:47 Horse Collar
20:56 Wheelbarrow
24:19 Gold Mining
27:35 Hand Cart
30:41 Imperial Age
28:55 Ballistics
29:41 Gold Shaft Mining
28:57 Stone Mining
29:21 Bow Saw
29:24 Forging
29:22 Scale Barding Armor
29:17 Scale Mail Armor
30:32 First Crusade
31:05 Iron Casting
31:19 Bloodlines
31:15 Husbandry
31:12 Capped Ram
31:17 Cavalier
32:25 Siege Ram
33:24 Hauberk
34:34 Blast Furnace
33:56 Chain Barding Armor
33:52 Chain Mail Armor
33:49 Siege Engineers
35:53 Conscription
35:59 Elite Serjeant
37:43 Plate Barding Armor
36:59 Fletching
39:17 Stone Shaft Mining
42:57 Pikeman
45:11 Light Cavalry
50:51 Gambesons
51:06 Squires
月喵喵
10:35 Feudal Age
12:35 Horse Collar
14:57 Castle Age
13:38 Stone Mining
16:07 Heavy Plow
17:50 Double-Bit Axe
19:44 Bow Saw
23:08 Gold Mining
24:53 Wheelbarrow
24:04 Loom
25:58 Hand Cart
29:24 Imperial Age
28:01 Forging
27:52 Scale Mail Armor
28:34 Loom
28:35 Town Watch
29:51 Iron Casting
30:00 Capped Ram
30:54 Shield Wall
31:51 Chain Mail Armor
31:34 Heavy Scorpion
32:20 Squires
33:12 Plate Mail Armor
34:01 Fletching
36:42 Chemistry
36:20 Elite Varangian Guard
36:48 Gambesons
37:57 Conscription
M@nte
10:48 Feudal Age
11:24 Double-Bit Axe
15:06 Loom
17:24 Castle Age
15:42 Stone Mining
16:21 Horse Collar
18:42 Heavy Plow
18:53 Bow Saw
19:43 Town Watch
21:10 Fletching
22:03 Gold Mining
30:28 Imperial Age
28:18 Padded Archer Armor
28:30 Corvinian Army
30:03 Wheelbarrow
29:54 Bodkin Arrow
30:06 Scale Barding Armor
31:36 Conscription
32:11 Chain Barding Armor
32:37 Husbandry
32:45 Bracer
33:46 Parthian Tactics
33:36 Bloodlines
33:57 Siege Engineers
33:32 Treadmill Crane
33:48 Murder Holes
34:03 Thumb Ring
35:31 Leather Archer Armor
35:49 Hand Cart
35:36 Town Patrol
37:13 Ballistics
36:40 Elite Magyar Huszar
37:50 Cavalier
39:18 Recurve Bow
40:36 Ring Archer Armor
Connection lost

Rejoining the realm…

Still unreachable

The connection could not be restored.

Session expired

The server has moved on; the page needs a fresh start.